 Dungeon Crawl Stone Soup version 0.21.1-1-g345015fe64 (webtiles) character file.

48267 host the Warrior (level 14, -9/135 HPs)
             Began as a Minotaur Berserker on Apr 29, 2018.
             Was the Champion of Trog.
             Killed from afar by a Hell Sentinel (34 damage)
             ... with damnation
             ... summoned by a deep elf demonologist
             ... on level 1 of the Elven Halls.
             The game lasted 01:29:39 (15544 turns).

host the Warrior (Minotaur Berserker)              Turns: 15544, Time: 01:29:40

Health: -9/135     AC: 31    Str: 29    XL:     14   Next: 11%
Magic:  13/13      EV: 12    Int:  7    God:    Trog [******]
Gold:   845        SH:  8    Dex: 11    Spells: 13/13 levels left

rFire    . . .     SeeInvis .   x - +12 eveningstar "Myfytasch" {speed, +Rage rN+}
rCold    + + .     Gourm    +   D - +1 buckler of Exclusion {MR+ Int+3}
rNeg     + . .     Faith    .   Z - +4 crystal plate armour {rC+}
rPois    .         Spirit   .   b - +2 hat
rElec    .         Reflect  .   d - +0 cloak
rCorr    .         Harm     .   t - +0 pair of gloves
MR       ++...                  (no boots)
Stlth    ..........             J - amulet "Koun Haz" {Gourm rC+ Slay+3}
HPRegen  0.32/turn              e - +3 ring of evasion
MPRegen  0.13/turn              Y - +3 ring of strength

@: hasted, studying 2 skills, very quick
A: retaliatory headbutt, horns 2
a: Berserk, Trog's Hand, Brothers in Arms, Burn Spellbooks, Renounce Religion,
Evoke Berserk Rage


You were on level 1 of the Elven Halls.
You worshipped Trog.
Trog was exalted by your worship.
You were very full.

You visited 3 branches of the dungeon, and saw 13 of its levels.
You also visited: Sewer, Bailey and Ice Cave.

You collected 1650 gold pieces.
You spent 805 gold pieces at shops.

Inventory:

Hand Weapons
 a - a +4 glaive of freezing
 h - a +1 flail of holy wrath
 p - a +3 quarterstaff of distortion
 x - the +12 eveningstar "Myfytasch" (weapon) {speed, +Rage rN+}
   (Trog gifted it to you on level 2 of the Orcish Mines)

   Attacks with this weapon are significantly faster.
   It protects you from negative energy.
   It lets you go berserk.
 y - a +2 quick blade of freezing
 A - the +7 broad axe "Gram" {chop, Str+4 Stlth+, unknown}
   (You found it on level 1 of the Elven Halls)

   It inflicts extra damage upon your enemies.
   It affects your strength (+4).
   It makes you more stealthy.
 B - a +1 scythe of freezing
 H - a +2 hand axe of flaming
 R - the +3 spear of Cen Xua {flame, rF+ rC+ Dex+4}
   (You bought it in a shop on level 1 of the Orcish Mines)

   It has been specially enchanted to burn those struck by it, causing extra
   injury to most foes and up to half again as much damage against particularly
   susceptible opponents.
   It affects your dexterity (+4).
   It protects you from fire.
   It protects you from cold.
 X - a +2 quick blade of freezing
Missiles
 m - 2 tomahawks of returning (quivered)
 G - 15 javelins of returning
 N - 7 steel tomahawks
Armour
 b - a +2 hat (worn)
 d - a +0 cloak (worn)
 t - a +0 pair of gloves (worn)
 D - the +1 buckler of Exclusion (worn) {MR+ Int+3}
   (You found it on level 5 of the Dungeon)

   It affects your intelligence (+3).
   It affects your resistance to hostile enchantments.
 V - a +3 plate armour
 Z - a +4 crystal plate armour of cold resistance (worn)
Jewellery
 e - a +3 ring of evasion (left hand)
 C - an uncursed ring of protection from fire
 J - the amulet "Koun Haz" (around neck) {Gourm rC+ Slay+3}
   (You acquired it on level 9 of the Dungeon)

   [amulet of the gourmand]

   It allows you to eat raw meat even when not hungry.
   It affects your accuracy and damage with ranged weapons and melee attacks
   (+3).
   It protects you from cold.
 O - an uncursed ring of poison resistance
 Y - a +3 ring of strength (right hand)
Wands
 F - a wand of iceblast (3)
 P - a wand of scattershot (3)
 S - a wand of clouds (5)
 U - a wand of polymorph (17)
Scrolls
 f - 2 scrolls of enchant weapon
 g - 4 scrolls of amnesia
 j - 11 scrolls of teleportation
 n - a scroll of torment {unknown}
 o - a scroll of magic mapping
 r - 6 scrolls of identify
 Q - a scroll of blinking
Potions
 i - 2 potions of lignification
 k - 3 potions of flight
 l - a potion of might
 s - 6 potions of brilliance
 v - a potion of curing
 z - 2 potions of agility
 M - a potion of invisibility {unknown}
 T - a potion of magic {unknown}
Books
 q - a book of the Tempests

   Spells                             Type                      Level
   a - Static Discharge               Conjuration/Air              3
   b - Lightning Bolt                 Conjuration/Air              5
   c - Ignition                       Fire                         8
   d - Tornado                        Air                          9
   e - Shatter                        Earth                        9
   Trog disapproves of the use of such an item.
 K - a manual of Shields
 L - a manual of Fighting
 W - a book of Dreams

   Spells                             Type                      Level
   a - Ensorcelled Hibernation        Hexes/Ice                    2
   b - Borgnjor's Vile Clutch         Necromancy/Earth             5
   c - Silence                        Hexes/Air                    5
   d - Darkness                       Hexes                        6
   e - Shadow Creatures               Summoning                    6
   Trog disapproves of the use of such an item.
Comestibles
 c - 15 rations


   Skills:
 + Level 15.4 Fighting
 + Level 14.5(16.4) Axes
 + Level 12.1(14.9) Maces & Flails
 + Level 5.8(11.2) Polearms
 + Level 3.0 Throwing
 + Level 13.0 Armour
 + Level 7.3 Dodging
 - Level 0.5 Stealth
 + Level 12.2 Shields
 + Level 1.0 Evocations


You had 13 spell levels left.
You didn't know any spells.

Dungeon Overview and Level Annotations

Branches:
Dungeon (9/15)             Temple (0/1) D:4             Orc (2/2) D:9
    Elf (2/3) Orc:2
   Lair: D:8-11

Altars:
Ashenzari
Dithmenos
Elyvilon
Fedhas
Nemelex Xobeh
Qazlal
Ru
Sif Muna
Trog
Vehumet
Xom
Yredelemnul
The Shining One
Beogh

Shops:
D:5 (   D:9 [   Orc:1 (   Orc:2 (*%(

Annotations:
D:9 2 transporters


Innate Abilities, Weirdness & Mutations

You reflexively headbutt those who attack you in melee.
You have a pair of horns on your head.


Message History

The Hell Sentinel hits you but does no damage.
You hit the Hell Sentinel but do no damage.
You headbutt the Hell Sentinel, but do no damage.
The Hell Sentinel is lightly wounded.
You hit the Hell Sentinel but do no damage.
The Hell Sentinel is lightly wounded.
You hit the Hell Sentinel.
The Hell Sentinel is lightly wounded.
The Hell Sentinel hits you!
* * * LOW HITPOINT WARNING * * *
You block the Hell Sentinel's attack.
The orc high priest prays to Beogh.
The orc high priest is healed somewhat.
You block the orange demon's attack. The orange demon closely misses you.
You feel the effects of Trog's Hand fading.
Your skin stops crawling.
You feel less resistant to hostile enchantments.
The Hell Sentinel gestures at you.
The sphere of damnation explodes!
The damnation engulfs you!
You die...

. #...#...........##. #.
#...##.####.####### ..#
#.........#.####### ###.#
#.................. ...#.#
#.........####.....
...##.##...).....####..##.
....#..............##..##.
...##.#............##..##.
...#. #..@.......#.##(.###
# #. #...[............###
.. #........1.#.###.... .#
#.#.##...4...#######
##......###...1.#
#.......# #.###.###
#.......##.## ##.e## #
####((.....##. #..)# ..
..##.....##### ###)#


You could see a Hell Sentinel and an orange demon.

Vanquished Creatures
  A deep elf sorcerer (Elf:1)
  A deep elf demonologist (Elf:1)
  3 ogre magi (Orc:2)
  A deep elf high priest (Elf:1)
  A hydra (D:9)
  3 dancing weapons
  21 two-headed ogres
  3 orc high priests
  2 deep elf knights (Elf:1)
  An orc knight (Elf:1)
  5 deep elf archers (Elf:1)
  14 deep elf magi
  Pikel (D:6)
  An orc sorcerer (Orc:1)
  2 ice statues (IceCv)
  The ghost of tensugalgo the Changer, a novice OpTm (D:5)
  9 ice devils (IceCv)
  2 trolls (Orc:2)
  Grinder (D:6)
  2 dream sheep (D:9)
  2 hippogriffs (D:8)
  An air elemental (Elf:1)
  A vampire (D:9)
  4 yaks (D:9)
  2 fire elementals
  Grum (D:8)
  The ghost of Ivernyr the Charmwright, an amateur DsSk (D:4)
  A hungry ghost (D:7)
  Menkaure (D:7)
  2 steam dragons (D:5)
  2 wargs
  A water moccasin (D:7)
  A black bear (D:7)
  25 orc warriors
  A sky beast (D:6)
  A slave (D:6)
  A necrophage (D:8)
  A phantom (D:9)
  10 ice beasts
  4 wolves (D:8)
  21 ogres
  12 centaurs
  5 big kobolds
  5 bullfrogs
  The ghost of Tegun the Skirmisher, a weakling OgSk (D:3)
  3 scorpions
  A water moccasin skeleton (D:5)
  3 howler monkeys
  3 crimson imps
  2 quasits
  3 hounds
  A jelly (D:7)
  2 gnoll shamans
  15 orc priests
  13 orc wizards
  A centaur skeleton (D:8)
  2 bullfrog skeletons
  6 iguanas
  8 worker ants
  Natasha (thrice) (D:4)
  A statue (D:8)
  A hound zombie (D:6)
  A howler monkey zombie (D:7)
  6 gnolls
  9 adders
  2 river rats (D:4)
  A shadow imp (D:9)
  7 white imps (IceCv)
  9 ufetubi (IceCv)
  An ooze (D:1)
  2 adder skeletons
  2 adder zombies
  2 worms
  A dart slug (D:3)
  8 leopard geckos
  77 orcs
  7 ball pythons
  9 bats
  9 giant cockroaches
  3 goblins
  9 hobgoblins
  7 jackals
  22 kobolds
  7 quokkas
  4 frilled lizards
  A quokka skeleton (D:5)
  11 rats
  A crawling corpse (Elf:1)
  A fungus (D:5)
469 creatures vanquished.

Vanquished Creatures (collateral kills)
  A two-headed ogre (Orc:2)
  An ogre mage (Orc:2)
  A deep elf archer (Elf:1)
  7 ogres (Orc:2)
10 creatures vanquished.

Vanquished Creatures (others)
  A reaper (IceCv)
  A deep elf knight (Elf:1)
  An orc warrior (D:8)
  An adder (D:6)
  3 ufetubi (IceCv)
  5 orcs
12 creatures vanquished.

Grand Total: 491 creatures vanquished

Notes
Turn   | Place    | Note
-------+----------+-------------------------------------------
     0 | D:1      | host the Minotaur Berserker began the quest for the Orb.
     0 | D:1      | Reached XP level 1. HP: 19/19 MP: 0/0
   115 | D:1      | Reached XP level 2. HP: 26/27 MP: 1/1
   284 | D:1      | Reached skill level 4 in Fighting
   849 | D:2      | Reached XP level 3. HP: 32/33 MP: 2/2
  1324 | D:2      | Reached ** piety under Trog
  1875 | D:3      | Noticed Tegun's ghost (weakling OgSk)
  1884 | D:3      | Killed Tegun's ghost
  1884 | D:3      | Reached skill level 5 in Axes
  1884 | D:3      | Reached XP level 4. HP: 41/41 MP: 3/3
  2040 | D:3      | Reached XP level 5. HP: 44/47 MP: 4/4
  2373 | D:4      | Noticed Natasha
  2380 | D:4      | Killed Natasha
  2380 | D:4      | Reached skill level 1 in Throwing
  2387 | D:4      | Reached XP level 6. HP: 41/55 MP: 5/5
  2390 | D:4      | Reached skill level 5 in Fighting
  2539 | D:4      | Found a sacrificial altar of Ru.
  2562 | D:4      | Found a glowing drain.
  2625 | Sewer    | Entered a sewer
  2883 | Sewer    | Reached *** piety under Trog
  2988 | D:4      | Noticed Natasha
  2992 | D:4      | Killed Natasha
  3017 | D:4      | Found a staircase to the Ecumenical Temple.
  3155 | D:4      | Found a basalt altar of Yredelemnul.
  3157 | D:4      | Noticed a profane servitor
  3169 | D:4      | Found a glowing golden altar of the Shining One.
  3171 | D:4      | Noticed an angel
  3181 | D:4      | Found a shadowy altar of Dithmenos.
  3183 | D:4      | Noticed Ivernyr's ghost (amateur DsSk)
  3193 | D:4      | Reached XP level 7. HP: 48/61 MP: 6/6
  3206 | D:4      | Killed Ivernyr's ghost
  3334 | D:4      | Found a bloodstained altar of Trog.
  3334 | D:4      | Found a sparkling altar of Nemelex Xobeh.
  3335 | D:4      | Found a deep blue altar of Sif Muna.
  3336 | D:4      | Found a shimmering altar of Xom.
  3368 | D:4      | Noticed Natasha
  3370 | D:4      | Killed Natasha
  3620 | D:5      | Entered Level 5 of the Dungeon
  3931 | D:5      | Noticed tensugalgo's ghost (novice OpTm)
  3960 | D:5      | Killed tensugalgo's ghost
  3960 | D:5      | Reached skill level 6 in Fighting
  3960 | D:5      | Reached skill level 5 in Dodging
  3960 | D:5      | Reached skill level 1 in Shields
  3960 | D:5      | Reached XP level 8. HP: 61/70 MP: 7/7
  3987 | D:5      | Got a slimy buckler
  3998 | D:5      | Identified the +1 buckler of Exclusion {MR+ Int+3} (You found it on level 5 of the Dungeon)
  4120 | D:5      | Found Xocyexkujur's Weapon Emporium.
  4860 | D:6      | Noticed Pikel
  4874 | D:6      | Killed Pikel
  4874 | D:6      | Reached skill level 5 in Armour
  4874 | D:6      | Reached XP level 9. HP: 60/78 MP: 8/8
  4898 | D:6      | Reached skill level 7 in Fighting
  4898 | D:6      | Reached skill level 10 in Axes
  5431 | D:6      | Noticed Grinder
  5439 | D:6      | Killed Grinder
  5622 | D:7      | Noticed Menkaure
  5625 | D:7      | Killed Menkaure
  5625 | D:7      | Reached **** piety under Trog
  6068 | D:7      | Found a flagged portal.
  6077 | Bailey   | Entered a bailey
  6642 | Bailey   | Reached XP level 10. HP: 30/88 MP: 9/9
  6966 | Bailey   | Reached skill level 5 in Shields
  8185 | D:7      | Reached skill level 8 in Fighting
  8331 | D:7      | Found a blossoming altar of Fedhas.
  8336 | D:7      | Reached ***** piety under Trog
  9054 | D:8      | Found a white marble altar of Elyvilon.
  9224 | D:8      | Reached skill level 9 in Fighting
  9369 | D:8      | Found a radiant altar of Vehumet.
  9605 | D:8      | Noticed Grum
  9635 | D:8      | Killed Grum
  9917 | D:8      | Noticed a two-headed ogre
  9928 | D:8      | Killed a two-headed ogre
  9928 | D:8      | Reached XP level 11. HP: 87/97 MP: 10/10
 10003 | D:8      | Found a stormy altar of Qazlal.
 10326 | D:9      | Identified a scroll of acquirement
 10329 | D:9      | Got a heavily runed emerald amulet
 10330 | D:9      | Identified the amulet "Koun Haz" {Gourm rC+ Slay+3} (You acquired it on level 9 of the Dungeon)
 10351 | D:9      | Found a shattered altar of Ashenzari.
 10442 | D:9      | Noticed a two-headed ogre
 10454 | D:9      | Killed a two-headed ogre
 10487 | D:9      | Found Nifiptid's Armour Shop.
 10514 | D:9      | Reached skill level 10 in Fighting
 10541 | D:9      | Found a staircase to the Orcish Mines.
 10652 | D:9      | Bought a +2 hat for 208 gold pieces
 10663 | D:9      | Noticed a two-headed ogre
 10674 | D:9      | Killed a two-headed ogre
 10723 | D:9      | Noticed a two-headed ogre
 10726 | D:9      | Killed a two-headed ogre
 10726 | D:9      | Reached skill level 10 in Armour
 10785 | D:9      | Noticed a two-headed ogre
 10792 | D:9      | Killed a two-headed ogre
 11014 | D:9      | Found a transporter.
 11088 | D:9      | Noticed a two-headed ogre
 11101 | D:9      | Killed a two-headed ogre
 11101 | D:9      | Reached skill level 11 in Fighting
 11114 | D:9      | Reached skill level 1 in Evocations
 11143 | D:9      | Found a transporter.
 11322 | D:9      | Noticed a three-headed hydra
 11335 | D:9      | Killed a three-headed hydra
 11335 | D:9      | Reached skill level 12 in Fighting
 11437 | Orc:1    | Entered Level 1 of the Orcish Mines
 11441 | Orc:1    | Noticed an orc sorcerer
 11456 | Orc:1    | Killed an orc sorcerer
 12046 | Orc:1    | Noticed a two-headed ogre
 12054 | Orc:1    | Killed a two-headed ogre
 12054 | Orc:1    | Reached skill level 1 in Maces & Flails
 12054 | Orc:1    | Reached skill level 10 in Shields
 12054 | Orc:1    | Reached XP level 12. HP: 109/113 MP: 11/11
 12136 | Orc:1    | Noticed an orc high priest
 12159 | Orc:1    | Killed an orc high priest
 12159 | Orc:1    | Reached ****** piety under Trog
 12225 | Orc:1    | Noticed an orc high priest
 12266 | Orc:1    | Killed an orc high priest
 12362 | Orc:1    | Found a roughly hewn altar of Beogh.
 12442 | Orc:1    | Received a gift from Trog
 12493 | Orc:1    | Found Inoxt's Weapon Shoppe.
 12501 | Orc:1    | Bought the +3 spear of Cen Xua {flame, rF+ rC+ Dex+4} for 597 gold pieces
 12621 | Orc:2    | Entered Level 2 of the Orcish Mines
 12667 | Orc:2    | Reached skill level 13 in Fighting
 12690 | Orc:2    | Received a gift from Trog
 12700 | Orc:2    | Found a frozen archway.
 12701 | Orc:2    | Found a staircase to the Elven Halls.
 12725 | Orc:2    | Got a jewelled eveningstar {god gift}
 12732 | Orc:2    | Found a roughly hewn altar of Beogh.
 12735 | IceCv    | Entered an ice cave
 12736 | IceCv    | Identified the +12 eveningstar "Myfytasch" {speed, +Rage rN+} (Trog gifted it to you on level 2 of the Orcish Mines)
 12833 | IceCv    | Killed a reaper
 13232 | IceCv    | Reached skill level 1 in Polearms
 13887 | Orc:2    | Noticed a two-headed ogre
 13887 | Orc:2    | Noticed a two-headed ogre
 13887 | Orc:2    | Noticed a two-headed ogre
 13887 | Orc:2    | Noticed a two-headed ogre
 13888 | Orc:2    | Noticed a two-headed ogre
 13889 | Orc:2    | Noticed an ogre mage
 13890 | Orc:2    | Noticed an ogre mage
 13891 | Orc:2    | Killed a two-headed ogre
 13893 | Orc:2    | Noticed an ogre mage
 13895 | Orc:2    | Killed a two-headed ogre
 13897 | Orc:2    | Killed a two-headed ogre
 13899 | Orc:2    | Noticed a two-headed ogre
 13899 | Orc:2    | Noticed an ogre mage
 13901 | Orc:2    | Killed a two-headed ogre
 13902 | Orc:2    | Noticed a two-headed ogre
 13905 | Orc:2    | Noticed a two-headed ogre
 13907 | Orc:2    | Killed a two-headed ogre
 13907 | Orc:2    | Reached skill level 5 in Polearms
 13910 | Orc:2    | Killed an ogre mage
 13912 | Orc:2    | Killed an ogre mage
 13912 | Orc:2    | Reached skill level 5 in Maces & Flails
 13913 | Orc:2    | Killed a two-headed ogre
 13913 | Orc:2    | Reached XP level 13. HP: 123/123 MP: 12/12
 13918 | Orc:2    | Received a gift from Trog
 13926 | Orc:2    | Reached skill level 14 in Fighting
 14177 | Orc:2    | Found Ladatucka's Weapon Emporium.
 14177 | Orc:2    | Found Plog's Food Boutique.
 14178 | Orc:2    | Found Rirghiohu's Assorted Antiques.
 14178 | Orc:2    | Found Giseag's Weapon Shoppe.
 14745 | Elf:1    | Entered Level 1 of the Elven Halls
 14973 | Elf:1    | Reached skill level 10 in Maces & Flails
 14997 | Elf:1    | Noticed a deep elf sorcerer
 15008 | Elf:1    | Killed a deep elf sorcerer
 15133 | Elf:1    | You fall through a shaft!
 15141 | Elf:2    | Reached skill level 15 in Fighting
 15319 | Elf:1    | Reached XP level 14. HP: 111/135 MP: 13/13
 15457 | Elf:1    | Got a brightly glowing broad axe
 15487 | Elf:1    | Noticed an Ice Fiend
 15509 | Elf:1    | Noticed a Brimstone Fiend
 15522 | Elf:1    | Noticed a Hell Sentinel
 15544 | Elf:1    | Killed from afar by a Hell Sentinel

Skill      XL: |  1  2  3  4  5  6  7  8  9 10 11 12 13 14 |
---------------+-------------------------------------------+-----
Axes           | 4 5 6 8 9 11 12 14 | 14.5
Fighting       | 4 5 6 7 9 12 13 15 | 15.4
Armour         | 3 4 5 6 9 10 12 13 | 13.0
Dodging        | 3 4 5 6 7 |  7.3
Throwing       | 1 2 3 |  3.0
Shields        | 1 3 4 8 10 11 12 | 12.2
Evocations     | 1 |  1.0
Maces & Flails | 1 5 11 12 | 12.1
Polearms       | 5 |  5.8
Stealth        | |  0.5

Action                   |  1- 3 |  4- 6 |  7- 9 | 10-12 | 13-15 || total
-------------------------+-------+-------+-------+-------+-------++-------
Melee: Hand axe          |    76 |   109 |   339 |   642 |       ||  1166
       Headbutt          |    18 |    21 |    58 |   213 |    45 ||   355
       Flail             |       |       |       |    12 |       ||    12
       Spear             |       |       |       |   100 |       ||   100
       Eveningstar       |       |       |       |    31 |   176 ||   207
Throw: Tomahawk          |    11 |     1 |    13 |     4 |       ||    29
Invok: Berserk           |     1 |       |     2 |     2 |       ||     5
       Brothers in Arms  |       |       |       |     2 |     1 ||     3
       Trog's Hand       |       |       |       |       |     1 ||     1
Evoke: Wand              |       |       |     2 |     4 |       ||     6
  Use: Scroll            |     2 |       |    10 |     9 |     1 ||    22
       Potion            |       |       |     5 |     4 |     5 ||    14
 Stab: Distracted        |       |       |       |     2 |       ||     2
  Eat: Chunk             |     1 |     4 |     9 |    35 |     6 ||    55
       Ration            |     1 |       |     1 |     4 |       ||     6
Armor: Animal skin       |     2 |       |       |       |       ||     2
       Leather armour    |    14 |    28 |    19 |       |       ||    61
       Plate armour      |       |       |    51 |   222 |       ||   273
       Crystal plate arm |       |       |       |    15 |    51 ||    66
Dodge: Dodged            |    46 |   108 |   161 |   328 |    58 ||   701
Block: Large shield      |       |       |    31 |       |       ||    31
       Buckler           |       |       |    61 |   214 |    33 ||   308
